 Dungeon Crawl Stone Soup version 0.21.1-1-g345015f (webtiles) character file.

71 JeffiDaFish the Digger (level 4, 0/33 HPs)
             Began as a Ghoul Earth Elementalist on Feb 19, 2018.
             Slain by a giant cockroach (1 damage)
             ... on level 2 of the Dungeon.
             The game lasted 00:03:38 (1480 turns).

JeffiDaFish the Digger (Ghoul Earth Elementalist)   Turns: 1480, Time: 00:03:39

Health: 0/33       AC:  2    Str:  8 (11) XL:     4   Next: 24%
Magic:  1/7        EV: 12    Int: 10 (11) God:
Gold:   66         SH:  0    Dex:  9      Spells: 7/8 levels left

rFire    . . .     SeeInvis .   (no weapon)
rCold    + . .     Gourm    .   (no shield)
rNeg     + + +     Faith    .   c - +0 robe
rPois    ∞         Spirit   .   (no helmet)
rElec    .         Reflect  .   (no cloak)
rCorr    .         Harm     .   (no gloves)
MR       +....                  (no boots)
Stlth    ++........             (no amulet)
HPRegen  0.00/turn              f - ring of protection from magic
MPRegen  0.10/turn              (no ring)

@: rotting
A: rotting body, claws 1, carnivore, cold resistance 1, negative energy
resistance 3, inhibited regeneration, torment resistance, unbreathing
a: no special abilities


You were on level 2 of the Dungeon.
You were not hungry.

You visited 1 branch of the dungeon, and saw 2 of its levels.

You collected 66 gold pieces.

Inventory:

Missiles
 b - 67 stones (quivered)
Armour
 c - a +0 robe (worn)
Jewellery
 f - a ring of protection from magic (left claw)
Books
 e - a book of Geomancy

   Spells                             Type                      Level
   a - Sandblast                      Earth                        1
   b - Passwall                       Transmutation/Earth          2
   c - Stone Arrow                    Conjuration/Earth            3
   d - Petrify                        Transmutation/Earth          4
   e - Lee's Rapid Deconstruction     Earth                        5
Comestibles
 a - a chunk of flesh
 d - 3 rations


   Skills:
 - Level 1.7 Dodging
 - Level 2.2 Stealth
 + Level 2.8 Spellcasting
   Level 0.8 Transmutations
 + Level 4.5 Earth Magic


You had 7 spell levels left.
You knew the following spells:

 Your Spells              Type           Power        Failure   Level  Hunger
a - Sandblast             Erth           ##....       4%          1    ##.....


Dungeon Overview and Level Annotations

Branches:
Dungeon (2/15)

Altars:
Elyvilon


Innate Abilities, Weirdness & Mutations

Your body is rotting away.
You thrive on raw meat.
You are immune to poison.
You have sharp fingernails.
You are carnivorous and can eat meat at any time.
Your flesh is cold resistant. (rC+)
You are immune to negative energy. (rN+++)
You do not regenerate when monsters are visible.
You are immune to unholy pain and torment.
You can survive without breathing.


Message History

* * * LOW HITPOINT WARNING * * *
The giant cockroach closely misses you.
You scratch Jessica but do no damage.
Jessica is almost dead.
The bat hits you but does no damage. Jessica hits you.
* * * LOW HITPOINT WARNING * * *
The giant cockroach closely misses you. Jessica hits you.
* * * LOW HITPOINT WARNING * * *
Casting: Sandblast
Confirm with . or Enter, or press ? or * to list all spells.
Aiming: Sandblast
Press: ? - help, Shift-Dir - straight line, f/p - Jessica
Aim: Jessica, wearing a robe (almost dead, fast)
The blast of sand hits Jessica.
You kill Jessica!
You feel your dexterity returning.
You have reached level 4!
b - 67 stones The bat closely misses you.
The giant cockroach bites you.
You die...

.## .## ## .#.#..##.# #...
.##.#...### #..(
..........# #...
.##.#..##.###...#####
.#..>...............###.
.#..#...................
.#..#.##............#
.#....##..#..$.b@.#
.#........#.#..s#.#
##.......## #...#.#
#.####### #...#.# #.#
...#...###### #.######
##.###.......# #......# ##
#.######)# ##.####.# #.#
#.####
...####.##############....#


You could see a giant cockroach and a bat.

Vanquished Creatures
  Jessica (D:2)
  An adder (D:2)
  2 dart slugs
  A ball python (D:1)
  9 bats
  5 hobgoblins
  2 quokkas (D:2)
  4 frilled lizards (D:1)
  3 goblins
  2 kobolds (D:1)
  3 rats
33 creatures vanquished.

Notes
Turn   | Place    | Note
-------+----------+-------------------------------------------
     0 | D:1      | JeffiDaFish the Ghoul Earth Elementalist began the quest for the Orb.
     0 | D:1      | Reached XP level 1. HP: 14/14 MP: 2/2
     3 | D:1      | Noticed an electric eel
     3 | D:1      | Noticed an electric eel
   248 | D:1      | Reached XP level 2. HP: 15/20 MP: 4/4
   957 | D:1      | Reached XP level 3. HP: 18/26 MP: 3/5
  1090 | D:2      | Reached skill level 4 in Earth Magic
  1216 | D:2      | Found a white marble altar of Elyvilon.
  1469 | D:2      | Noticed Jessica
  1479 | D:2      | HP: 1/26 [Jessica (4)]
  1480 | D:2      | Killed Jessica
  1480 | D:2      | Reached XP level 4. HP: 1/33 MP: 1/7
  1480 | D:2      | Slain by a giant cockroach

Skill      XL: |  1  2  3 |
---------------+----------+-----
Spellcasting   | 2 |  2.8
Earth Magic    | 4 |  4.5
Dodging        | |  1.7
Stealth        | |  2.2
Transmutations | |  0.8

Action                   |  1- 3 |  4- 6 || total
-------------------------+-------+-------++-------
Melee: Unarmed           |    96 |       ||    96
 Cast: Sandblast         |    37 |     1 ||    38
  Use: Potion            |     5 |       ||     5
       Scroll            |     2 |       ||     2
 Stab: Sleeping          |     3 |       ||     3
  Eat: Chunk             |     4 |       ||     4
Armor: Robe              |    36 |       ||    36
Dodge: Dodged            |   104 |     1 ||   105
